TOP OF THE 1ST |
Augusta Timber Hawks batting - Pitching for Tortolita Drummers : RHP Darius Baxa
|
Pitching: RHP Darius Baxa
|
|
Batting: LHB Carlos Medellín
|
0-0: Called Strike 0-1: Swinging Strike 0-2: Ball 1-2: Ball 2-2: Ground out U3 (Groundball, 34S)
|
Batting: RHB Krystof Melichar
|
0-0: Ground out 6-3 (Groundball, 6)
|
Batting: LHB Ken Gill
|
0-0: Ground out 6-3 (Groundball, 6)
|
Top of the 1st over - 0 runs, 0 hits, 0 errors, 0 left on base; Augusta 0 - Tortolita 0 |
BOTTOM OF THE 1ST |
Tortolita Drummers batting - Pitching for Augusta Timber Hawks : RHP Nicolas Roche
|
Pitching: RHP Nicolas Roche
|
|
Batting: RHB Lu-fang Koo
|
0-0: Called Strike 0-1: Swinging Strike 0-2: Ball 1-2: Strikes out swinging
|
Batting: RHB Keiran Calleson
|
0-0: Called Strike 0-1: Ball 1-1: Ball 2-1: Swinging Strike 2-2: Ball 3-2: Foul Ball, location: 2F 3-2: Base on Balls
|
Batting: RHB Tomás Costello
|
0-0: Ball 1-0: Fly out, F1 (Line Drive, 15)
|
Batting: RHB Otis Brewer
|
0-0: Ball 1-0: Ball 2-0: Ball 3-0: Called Strike 3-1: Base on Balls Keiran Calleson to second
|
Batting: RHB Colby King
|
0-0: Ball 1-0: Ball 2-0: Swinging Strike 2-1: Foul Ball, location: 2F 2-2: Foul Ball, location: 2F 2-2: Ball 3-2: Foul Ball, location: 2F 3-2: Base on Balls Keiran Calleson to third Otis Brewer to second
|
Batting: RHB Ricardo Pacheco
|
0-0: Swinging Strike 0-1: Ball 1-1: SINGLE (Groundball, 6MD) Keiran Calleson scores Otis Brewer to third Colby King to second Runner from 3rd tries for Home, SAFE, no throw
|
Batting: LHB Alberto Garza
|
0-0: Called Strike 0-1: Ball 1-1: SINGLE (Groundball, 4) (infield hit) Colby King to third Ricardo Pacheco to second
|
Batting: RHB Vincent Klein
|
0-0: Swinging Strike 0-1: Ball 1-1: Fly out, F7 (Flyball, 7LMF)
|
Bottom of the 1st over - 2 runs, 2 hits, 0 errors, 3 left on base; Augusta 0 - Tortolita 2 |
TOP OF THE 2ND |
Augusta Timber Hawks batting - Pitching for Tortolita Drummers : RHP Darius Baxa
|
Batting: SHB Yun-qi Chien
|
0-0: SINGLE (Groundball, 34D)
|
Batting: RHB Uchino Akahito
|
0-0: SINGLE (Line Drive, 8RS) Yun-qi Chien to second Runner from 2nd tries for 3rd, SAFE, no throw
|
Batting: LHB Fa-tang Wang
|
0-0: Called Strike 0-1: Called Strike 0-2: Grounds into double play, 4-6-3 (Groundball, 4D) Yun-qi Chien scores
|
Batting: LHB Damian Delaney
|
0-0: Ball 1-0: Foul Ball, location: 2F 1-1: Foul Ball, location: 2F 1-2: Foul Ball, location: 2F 1-2: Ball 2-2: Ground out 5-3 (Groundball, 56S)
|
Top of the 2nd over - 1 run, 2 hits, 0 errors, 0 left on base; Augusta 1 - Tortolita 2 |
BOTTOM OF THE 2ND |
Tortolita Drummers batting - Pitching for Augusta Timber Hawks : RHP Nicolas Roche
|
Batting: SHB Marcos Roa
|
0-0: Ball 1-0: Called Strike 1-1: SINGLE (Line Drive, 4M)
|
Batting: RHB Lu-fang Koo
|
0-0: Ball 1-0: Ball 2-0: Ball 3-0: Base on Balls Marcos Roa to second
|
Batting: RHB Keiran Calleson
|
0-0: SINGLE (Groundball, 6D) Marcos Roa to third Lu-fang Koo to second
|
Batting: RHB Tomás Costello
|
0-0: Ball 1-0: Swinging Strike 1-1: Foul Ball, location: 2F 1-2: DOUBLE (Line Drive, 7LD) Marcos Roa scores Lu-fang Koo scores Keiran Calleson to third Runner from 3rd tries for Home, SAFE, no throw
|
Batting: RHB Otis Brewer
|
0-0: Ground out 5-3 (Groundball, 56S) Tomás Costello to third
|
Batting: RHB Colby King
|
0-0: Called Strike 0-1: SINGLE (Line Drive, 6MD) Tomás Costello scores
|
Batting: RHB Ricardo Pacheco
|
0-0: Ball 1-0: Called Strike 1-1: Foul Ball, location: 2F 1-2: Fielders Choice at 2nd, 6-4 (Groundball, 6)
|
Batting: LHB Alberto Garza
|
0-0: Called Strike 0-1: Ball 1-1: Foul Ball, location: 2F 1-2: Ball 2-2: Foul Ball, location: 2F 2-2: Fly out, F7 (Flyball, 78XD)
|
Bottom of the 2nd over - 4 runs, 4 hits, 0 errors, 1 left on base; Augusta 1 - Tortolita 6 |
TOP OF THE 3RD |
Augusta Timber Hawks batting - Pitching for Tortolita Drummers : RHP Darius Baxa
|
Batting: LHB Seung-soo Ch'ae
|
0-0: Called Strike 0-1: Foul Ball, location: 2F 0-2: Ball 1-2: Ball 2-2: Ground out 6-3 (Groundball, 6M)
|
Batting: LHB Randy Sallah
|
0-0: Called Strike 0-1: Ball 1-1: Ball 2-1: Foul Ball, location: 2F 2-2: SINGLE (Groundball, 5S) (infield hit)
|
Batting: LHB Carlos Medellín
|
0-0: SINGLE (Line Drive, 8LS) Randy Sallah to second
|
Batting: RHB Krystof Melichar
|
0-0: Ball 1-0: Ball 2-0: Ball 3-0: Called Strike 3-1: Foul Ball, location: 2F 3-2: Fly out, F8 (Flyball, 8LS)
|
Batting: LHB Ken Gill
|
0-0: Swinging Strike 0-1: Swinging Strike 0-2: Fielders Choice at 2nd, 6-4 (Groundball, 6)
|
Top of the 3rd over - 0 runs, 2 hits, 0 errors, 2 left on base; Augusta 1 - Tortolita 6 |
BOTTOM OF THE 3RD |
Tortolita Drummers batting - Pitching for Augusta Timber Hawks : RHP Nicolas Roche
|
Batting: RHB Vincent Klein
|
0-0: Called Strike 0-1: Called Strike 0-2: Ball 1-2: SINGLE (Line Drive, 6D)
|
Batting: SHB Marcos Roa
|
0-0: Fly out, F8 (Flyball, 8RD)
|
Batting: RHB Lu-fang Koo
|
0-0: Ball 1-0: Ball 2-0: Grounds into double play, 6-4-3 (Groundball, 6)
|
Bottom of the 3rd over - 0 runs, 1 hit, 0 errors, 0 left on base; Augusta 1 - Tortolita 6 |
TOP OF THE 4TH |
Augusta Timber Hawks batting - Pitching for Tortolita Drummers : RHP Darius Baxa
|
Batting: SHB Yun-qi Chien
|
0-0: Called Strike 0-1: Ball 1-1: Ball 2-1: Ball 3-1: Base on Balls
|
Batting: RHB Uchino Akahito
|
0-0: Called Strike Yun-qi Chien steals 2nd base 0-1: Ball 1-1: Called Strike 1-2: Foul Ball, location: 2F 1-2: Ground out 5-3 (Groundball, 56S) Yun-qi Chien to third
|
Batting: LHB Fa-tang Wang
|
0-0: Called Strike 0-1: Ball 1-1: Fly out, F7 (Flyball, 78M) Runner from 3rd tags up, OUT at HOME
|
Top of the 4th over - 0 runs, 0 hits, 0 errors, 0 left on base; Augusta 1 - Tortolita 6 |
BOTTOM OF THE 4TH |
Tortolita Drummers batting - Pitching for Augusta Timber Hawks : RHP Nicolas Roche
|
Batting: RHB Keiran Calleson
|
0-0: Ball 1-0: Ground out 5-3 (Groundball, 56)
|
Batting: RHB Tomás Costello
|
0-0: Ball 1-0: Called Strike 1-1: TRIPLE (Line Drive, 9D)
|
Batting: RHB Otis Brewer
|
0-0: Fly out, F8 (Flyball, 8LM) Runner from 3rd tags up, SCORES, throw made
|
Batting: RHB Colby King
|
0-0: Swinging Strike 0-1: Called Strike 0-2: Ground out 6-3 (Groundball, 6)
|
Bottom of the 4th over - 1 run, 1 hit, 0 errors, 0 left on base; Augusta 1 - Tortolita 7 |
TOP OF THE 5TH |
Augusta Timber Hawks batting - Pitching for Tortolita Drummers : RHP Darius Baxa
|
Batting: LHB Damian Delaney
|
0-0: Ball 1-0: Swinging Strike 1-1: Fly out, F7 (Flyball, 7LS)
|
Batting: LHB Seung-soo Ch'ae
|
0-0: Foul Ball, location: 2F 0-1: Ball 1-1: Ball 2-1: Foul Ball, location: 2F 2-2: SINGLE (Groundball, 6D)
|
Batting: LHB Randy Sallah
|
0-0: Ball 1-0: Swinging Strike 1-1: Ball 2-1: Fly out, F4 (Popup, 4D)
|
Batting: LHB Carlos Medellín
|
0-0: Ball Seung-soo Ch'ae steals 2nd base 1-0: Called Strike 1-1: TRIPLE (Flyball, 89XD) Seung-soo Ch'ae scores
|
Batting: RHB Krystof Melichar
|
0-0: Ball 1-0: Fly out, F5 (Line Drive, 5L)
|
Top of the 5th over - 1 run, 2 hits, 0 errors, 1 left on base; Augusta 2 - Tortolita 7 |
BOTTOM OF THE 5TH |
Tortolita Drummers batting - Pitching for Augusta Timber Hawks : RHP Nicolas Roche
|
Batting: RHB Ricardo Pacheco
|
0-0: Ball 1-0: Foul Ball, location: 2F 1-1: Swinging Strike 1-2: Ball 2-2: Ball 3-2: Fly out, F9 (Flyball, 9)
|
Batting: LHB Alberto Garza
|
0-0: Called Strike 0-1: Ball 1-1: Ball 2-1: Ball 3-1: Base on Balls
|
Pitching: RHP Benjamin Weightman
|
|
Batting: RHB Vincent Klein
|
0-0: Ball 1-0: 2-RUN HOME RUN (Flyball, 7LD), Distance : 325 ft
|
Batting: SHB Marcos Roa
|
0-0: Ball 1-0: Called Strike 1-1: Swinging Strike 1-2: Foul Ball, location: 2F 1-2: Fly out, F7 (Flyball, 7LS)
|
Batting: RHB Lu-fang Koo
|
0-0: Called Strike 0-1: Foul Ball, location: 2F 0-2: Ball 1-2: Strikes out swinging
|
Bottom of the 5th over - 2 runs, 1 hit, 0 errors, 0 left on base; Augusta 2 - Tortolita 9 |
TOP OF THE 6TH |
Augusta Timber Hawks batting - Pitching for Tortolita Drummers : RHP Darius Baxa
|
Batting: LHB Ken Gill
|
0-0: Called Strike 0-1: Ball 1-1: Called Strike 1-2: Ball 2-2: SINGLE (Flyball, 9S)
|
Batting: SHB Yun-qi Chien
|
0-0: Called Strike 0-1: Reached on error, E6 (Groundball, 6) Ken Gill to second
|
Batting: RHB Uchino Akahito
|
0-0: Foul Ball, location: 2F 0-1: Foul Ball, location: 2F 0-2: Ball 1-2: Fly out, F9 (Flyball, 89S)
|
Batting: LHB Fa-tang Wang
|
0-0: Ball 1-0: Ball 2-0: SINGLE (Line Drive, 9LS) Ken Gill to third Yun-qi Chien to second Runner from 3rd tries for Home, SAFE, no throw
|
Batting: LHB Damian Delaney
|
0-0: Called Strike 0-1: Ball 1-1: Swinging Strike 1-2: Ball 2-2: SINGLE (Flyball, 8RS) Yun-qi Chien to third Fa-tang Wang to second Runner from 3rd tries for Home, SAFE, no throw
|
Batting: LHB Seung-soo Ch'ae
|
0-0: Ground out 3-1 (Groundball, 34S) Fa-tang Wang to third Damian Delaney to second
|
Batting: LHB Randy Sallah
|
0-0: Ball 1-0: Ball 2-0: SINGLE (Groundball, 4D) Fa-tang Wang scores Damian Delaney to third Runner from 3rd tries for Home, SAFE, no throw
|
Batting: LHB Carlos Medellín
|
0-0: Ball 1-0: Foul Ball, location: 2F 1-1: SINGLE (Groundball, 34D) Randy Sallah to second Runner from 2nd tries for 3rd, SAFE, no throw
|
Pitching: LHP Gerardo García
|
|
Batting: RHB Krystof Melichar
|
0-0: Called Strike 0-1: Swinging Strike 0-2: Ball 1-2: Foul Ball, location: 2F 1-2: Ball 2-2: Strikes out swinging
|
Top of the 6th over - 4 runs, 5 hits, 1 error, 2 left on base; Augusta 6 - Tortolita 9 |
BOTTOM OF THE 6TH |
Tortolita Drummers batting - Pitching for Augusta Timber Hawks : RHP Benjamin Weightman
|
Batting: RHB Keiran Calleson
|
0-0: Fly out, F6 (Line Drive, 6)
|
Batting: RHB Tomás Costello
|
0-0: Foul Ball, location: 2F 0-1: Swinging Strike 0-2: Ball 1-2: Foul Ball, location: 2F 1-2: Strikes out swinging
|
Batting: RHB Otis Brewer
|
0-0: Ball 1-0: Called Strike 1-1: Swinging Strike 1-2: Strikes out looking
|
Bottom of the 6th over - 0 runs, 0 hits, 0 errors, 0 left on base; Augusta 6 - Tortolita 9 |
TOP OF THE 7TH |
Augusta Timber Hawks batting - Pitching for Tortolita Drummers : LHP Gerardo García
|
Batting: LHB Ken Gill
|
0-0: Ball 1-0: Ball 2-0: Ball 3-0: Called Strike 3-1: DOUBLE (Line Drive, 89M)
|
Batting: SHB Yun-qi Chien
|
0-0: Foul Ball, location: 2F 0-1: Called Strike 0-2: Foul Ball, location: 2F 0-2: Ball 1-2: Fly out, F9 (Flyball, 9S)
|
Batting: RHB Uchino Akahito
|
0-0: Ball 1-0: Ball 2-0: Ball 3-0: Called Strike 3-1: Base on Balls
|
Batting: LHB Fa-tang Wang
|
0-0: Ball 1-0: Ball 2-0: Grounds into double play, 4-6-3 (Groundball, 4)
|
Top of the 7th over - 0 runs, 1 hit, 0 errors, 1 left on base; Augusta 6 - Tortolita 9 |
BOTTOM OF THE 7TH |
Tortolita Drummers batting - Pitching for Augusta Timber Hawks : RHP Benjamin Weightman
|
Batting: RHB Colby King
|
0-0: Ball 1-0: Ball 2-0: Ball 3-0: Called Strike 3-1: Called Strike 3-2: Base on Balls
|
Batting: RHB Ricardo Pacheco
|
0-0: Ball 1-0: Sac Bunt - play at first, batter OUT! 1-4 Colby King to second
|
Batting: LHB Alberto Garza
|
0-0: Ball 1-0: Ball 2-0: Ball 3-0: Base on Balls
|
Batting: RHB Vincent Klein
|
0-0: Ball 1-0: Foul Ball, location: 2F 1-1: Swinging Strike 1-2: Ball 2-2: Foul Ball, location: 2F 2-2: Strikes out swinging
|
Batting: SHB Marcos Roa
|
0-0: Ball 1-0: Foul Ball, location: 2F 1-1: Ball 2-1: Ball 3-1: Fly out, F8 (Flyball, 8LM)
|
Bottom of the 7th over - 0 runs, 0 hits, 0 errors, 2 left on base; Augusta 6 - Tortolita 9 |
TOP OF THE 8TH |
Augusta Timber Hawks batting - Pitching for Tortolita Drummers : LHP Gerardo García
|
Batting: LHB Damian Delaney
|
0-0: Ball 1-0: Called Strike 1-1: Called Strike 1-2: Foul Ball, location: 2F 1-2: Ball 2-2: Foul Ball, location: 2F 2-2: Strikes out swinging
|
Batting: LHB Seung-soo Ch'ae
|
0-0: Ball 1-0: Swinging Strike 1-1: Swinging Strike 1-2: Ground out 4-3 (Groundball, 34)
|
Batting: LHB Randy Sallah
|
0-0: Swinging Strike 0-1: Fly out, F9 (Flyball, 89M)
|
Top of the 8th over - 0 runs, 0 hits, 0 errors, 0 left on base; Augusta 6 - Tortolita 9 |
BOTTOM OF THE 8TH |
Tortolita Drummers batting - Pitching for Augusta Timber Hawks : RHP Benjamin Weightman
|
Batting: RHB Lu-fang Koo
|
0-0: Ball 1-0: Ball 2-0: Ball 3-0: Called Strike 3-1: Base on Balls
|
Batting: RHB Keiran Calleson
|
0-0: Ball 1-0: Bunted foul 1-1: Bunted foul 1-2: Strikes out swinging
|
Batting: RHB Tomás Costello
|
0-0: Called Strike 0-1: Swinging Strike 0-2: Foul Ball, location: 2F 0-2: Ball 1-2: Foul Ball, location: 2F 1-2: Ball 2-2: Strikes out swinging
|
Batting: RHB Otis Brewer
|
0-0: Ball 1-0: Foul Ball, location: 2F 1-1: Swinging Strike 1-2: SINGLE (Line Drive, 56) Lu-fang Koo to second
|
Batting: RHB Colby King
|
0-0: Ball 1-0: Ball 2-0: Ball 3-0: Base on Balls Lu-fang Koo to third Otis Brewer to second
|
Pinch Hitting: LHB Timmy Appeldoorn
|
0-0: Called Strike 0-1: Fly out, F5 (Popup, 5SF)
|
Bottom of the 8th over - 0 runs, 1 hit, 0 errors, 3 left on base; Augusta 6 - Tortolita 9 |
TOP OF THE 9TH |
Augusta Timber Hawks batting - Pitching for Tortolita Drummers : LHP Gerardo García
|
Now at C: Timmy Appeldoorn
|
|
Batting: LHB Carlos Medellín
|
0-0: Foul Ball, location: 2F 0-1: Ball 1-1: Ball 2-1: Fly out, F9 (Flyball, 9S)
|
Batting: RHB Krystof Melichar
|
0-0: Ground out 5-3 (Groundball, 5L)
|
Batting: LHB Ken Gill
|
0-0: Called Strike 0-1: Ball 1-1: Ball 2-1: Ball 3-1: Base on Balls
|
Batting: SHB Yun-qi Chien
|
0-0: Ball 1-0: 2-RUN HOME RUN (Line Drive, 7LD), Distance : 341 ft
|
Pitching: RHP Colijn de Goedere
|
|
Pinch Hitting: LHB Mike Goff
|
0-0: Called Strike 0-1: Foul Ball, location: 2F 0-2: Ball 1-2: Foul Ball, location: 2F 1-2: Ball 2-2: Ground out 4-3 (Groundball, 34)
|
Top of the 9th over - 2 runs, 1 hit, 0 errors, 0 left on base; Augusta 8 - Tortolita 9 |
|